 Dungeon Crawl Stone Soup version 0.29-a0-352-g0917bc69df (webtiles) character file.

Game seed: 2972235320508618197

151 Hubjo the Fighter (level 5, -4/42 HPs)
             Began as a Deep Elf Fire Elementalist on Apr 24, 2022.
             Was a Follower of Dithmenos.
             Slain by a black bear (7 damage)
             ... on level 2 of the Dungeon.
             The game lasted 00:05:16 (1886 turns).

Hubjo the Fighter (Deep Elf Fire Elementalist)      Turns: 1886, Time: 00:05:16

Health: -4/42      AC:  2    Str:  5    XL:     5   Next: 10%
Magic:  3/12       EV: 13    Int: 20    God:    Dithmenos [*.....]
Gold:   152        SH:  0    Dex: 17    Spells: 10/11 levels left

rFire   . . .      SeeInvis .   e - +0 dagger
rCold   . . .      Faith    .   (no shield)
rNeg    . . .      Spirit   .   a - +0 robe
rPois   .          Reflect  .   (no helmet)
rElec   .          Harm     .   (no cloak)
rCorr   .          Rampage  .   (no gloves)
Will    .....                   (no boots)
Stlth   +++.......              (no amulet)
HPRegen 0.14/turn               (no ring)
MPRegen 0.13/turn               (no ring)

@: wreathed by umbra
A: no striking features
a: Renounce Religion


You were on level 2 of the Dungeon.
You worshipped Dithmenos.
Dithmenos was aware of your devotion.
You visited 1 branch of the dungeon, and saw 3 of its levels.

You collected 152 gold pieces.

Inventory:

Hand Weapons
 e - a +0 dagger (weapon)
Armour
 a - a +0 robe (worn)
Scrolls
 d - a scroll of magic mapping
 h - 3 scrolls of immolation
Potions
 b - a potion of magic


   Skills:
 * Level 9.8 Fighting
 - Level 2.4 Dodging
 + Level 3.4 Stealth
 + Level 3.7 Spellcasting
 - Level 1.1 Conjurations
 + Level 3.8 Fire Magic


You had 10 spell levels left.
You knew the following spells:

 Your Spells              Type           Power      Damage    Failure   Level
a - Foxfire               Conj/Fire      52%        2x1d6     4%          1

Your spell library contained the following spells:

 Spells                   Type           Power      Damage    Failure   Level
 Scorch                   Fire           36%        2d7       4%          2
 Sandblast                Erth           6%         2d5       13%         1
 Conjure Flame            Conj/Fire      13%        6-21      14%         3
 Inner Flame              Hex/Fire       11%        N/A       19%         3
 Passwall                 Tmut/Erth      2%         N/A       21%         2
 Stone Arrow              Conj/Erth      10%        3d7       32%         3
 Frozen Ramparts          Ice            6%         1d2       36%         3
 Flame Wave               Conj/Fire      13%        2d6       43%         4
 Ice Form                 Ice/Tmut       3%         N/A       78%         4
 Summon Ice Beast         Ice/Summ       3%         N/A       78%         4


Dungeon Overview and Level Annotations

Branches:
Dungeon (3/15)

Altars:
Dithmenos
Vehumet


Message History

* * * LOW HITPOINT WARNING * * *
The black bear misses you. The black bear barely misses you.
It was a potion of experience.
You feel more experienced!
Your Fighting skill gained 8 levels and is now at level 9!
You have reached level 5!
The black bear misses you. The black bear closely misses you.
The black bear claws you but does no damage.
It was a potion of heal wounds.
You feel much better. The black bear bites you.
The black bear barely misses you. x2
The black bear attacks as you move away!
The black bear closely misses you.
The black bear claws you but does no damage.
The black bear claws you.
The black bear attacks as you move away!
The black bear closely misses you. The black bear claws you. x2
* * * LOW HITPOINT WARNING * * *
There is a stone staircase leading up here.
The black bear bites you.
* * * LOW HITPOINT WARNING * * *
The black bear closely misses you. The black bear barely misses you.
You climb upwards.
There is a stone staircase leading down here.
As you read the scroll labelled LACEHY TOSCHU, it crumbles to dust.
It is a scroll of identify.
h - 3 scrolls of immolation The black bear completely misses you. x2; The black bear barely misses you.
As you read the scroll labelled KEUJAE XICRU, it crumbles to dust.
You feel momentarily disoriented.
It was a scroll of magic mapping.
The black bear closely misses you. The black bear completely misses you.
The black bear misses you.
As you read the scroll labelled XENKAM AROW, it crumbles to dust.
You speak a Word of immense power!
It was a scroll of holy word.
The black bear barely misses you. The black bear claws you.
* * * LOW HITPOINT WARNING * * *
The black bear claws you.
* * * LOW HITPOINT WARNING * * *
The black bear attacks as you move away!
The black bear bites you!
You die...

#.[.....)..# #..).......#
####
#..........#############...
#..........#.).......##....
#####................##....
#.##................._.
#.##...................
#.##...................
#.....@#............#..
##....h+..............^
#####+###.#...............
#......##.....#####.......
#......##.###.# #♣♣.♣♣.#
#......##.#...# ♣≈P♣..
#.........#.#### ♣≈≈♣.#
#..............# ♣≈♣♣#♣
#.......######.♣♣♣♣♣♣≈≈♣ ♣


You could see a black bear.

Vanquished Creatures
  2 adders (D:2)
  A worm (D:2)
  3 dart slugs (D:1)
  4 bats
  4 endoplasms
  6 giant cockroaches
  2 goblins (D:2)
  3 hobgoblins
  4 jackals (D:1)
  4 kobolds
  A quokka (D:2)
  3 ball pythons
  3 frilled lizards
  6 rats
46 creatures vanquished.

Vanquished Creatures (others)
  149 foxfires
  3 plants (D:2)
152 creatures vanquished.

Grand Total: 198 creatures vanquished

Notes
Turn   | Place    | Note
-------+----------+-------------------------------------------
     0 | D:1      | Hubjo the Deep Elf Fire Elementalist began the quest for
                  | the Orb.
     0 | D:1      | Reached XP level 1. HP: 10/10 MP: 6/6
   327 | D:1      | Found a faded altar of an unknown god.
   337 | D:1      | Reached XP level 2. HP: 16/16 MP: 2/8
   355 | D:1      | Prayed at the altar of an unknown god.
   355 | D:1      | Became a worshipper of Dithmenos the Shadowed
   355 | D:1      | Reached * piety under Dithmenos
   593 | D:1      | Reached skill level 1 in Fighting
   815 | D:1      | Reached XP level 3. HP: 20/20 MP: 9/9
  1282 | D:2      | Reached ** piety under Dithmenos
  1577 | D:2      | Reached XP level 4. HP: 22/26 MP: 3/11
  1774 | D:2      | Found a radiant altar of Vehumet.
  1864 | D:3      | Noticed a black bear
  1873 | D:3      | HP: 1/26 [black bear (1)]
  1877 | D:3      | Reached skill level 9 in Fighting
  1877 | D:3      | Reached XP level 5. HP: 5/42 MP: 2/12
  1886 | D:2      | Slain by a black bear

Illustrated notes

Levels and vault maps discovered:
D:1:      dpeg_cavernosity, layout_basic, basic_ecumenical_altar
D:2:      layout_basic, basic_altar, serial_bayou_crossing
D:3:      layout_basic, tso_altar, mainiacjoe_overflow_catwalk_spiral,
          uniq_jessica

Skill      XL: |  1  2  3  4 |
---------------+-------------+-----
Fighting       | 1 9 |  9.8
Stealth        | 3 |  3.4
Dodging        | |  2.4
Spellcasting   | |  3.7
Conjurations   | |  1.1
Fire Magic     | |  3.8

Action                   |  1- 3 |  4- 6 || total
-------------------------+-------+-------++-------
Melee: Dagger            |    23 |     1 ||    24
       Unarmed           |     1 |       ||     1
 Cast: Foxfire           |    75 |    14 ||    89
Invok: Shadow Step       |       |     2 ||     2
  Use: Potion            |       |     4 ||     4
       Scroll            |       |     3 ||     3
 Stab: Sleeping          |     6 |     1 ||     7
Armor: Robe              |     7 |     3 ||    10
Dodge: Dodged            |    28 |    24 ||    52

Table legend: (Time is in decaauts)
 A = Elapsed time spent in this place.
 B = Non-inter-level travel time spent in this place.
 C = Inter-level travel time spent in this place.
 D = Time resting spent in this place.
 E = Time spent auto-exploring this place.
 F = Levels seen in this place.
 G = Mean time per level.
                   A        B        C        D        E       F      G
               +--------+--------+--------+--------+--------+-----+--------+
         Total |   1890 |   1874 |     16 |    190 |   1327 |   3 |  630.0 |
       Dungeon |   1890 |   1874 |     16 |    190 |   1327 |   3 |  630.0 |
               +--------+--------+--------+--------+--------+-----+--------+

Top non-repeatable levels by time:
     D:1: 1103 daAuts
     D:2: 769 daAuts
     D:3: 17 daAuts
